 Dungeon Crawl Stone Soup version 0.30-a0-360-g447f08457e (webtiles) character file.

Game seed: 10457744949486310271

84 Feneti the Covered (level 4, -1/40 HPs)
             Began as a Minotaur Fighter on Nov 13, 2022.
             Slain by Grinder (3 damage)
             ... while paralysed by Grinder
             ... on level 3 of the Dungeon.
             The game lasted 00:02:21 (1925 turns).

Feneti the Covered (Minotaur Fighter)               Turns: 1925, Time: 00:02:21

Health: -1/40      AC:  7    Str: 22    XL:     4   Next: 24%
Magic:  3/3        EV:  2    Int:  5    God:
Gold:   99         SH:  0    Dex: 10    Spells: 3/3 levels left

rFire   . . .      SeeInvis .    a - +0 war axe
rCold   . . .      Faith    .    c - +0 buckler
rNeg    . . .      Spirit   .    b - +0 scale mail
rPois   .          Reflect  .    (helmet restricted)
rElec   .          Harm     .    (no cloak)
rCorr   .          Rampage  .    (no gloves)
Will    .....                    (no boots)
Stlth   ..........               j - amulet of magic regeneration
HPRegen 0.26/turn                (no ring)
MPRegen 0.48/turn                (no ring)

@: paralysed
A: horns 2, retaliatory headbutt
a: no special abilities


You were on level 3 of the Dungeon.
You visited 1 branch of the dungeon, and saw 3 of its levels.

You collected 99 gold pieces.

Inventory:

Hand Weapons
 a - a +0 war axe (weapon)
Armour
 b - a +0 scale mail (worn)
 c - a +0 buckler (worn)
Jewellery
 i - a ring of fire
 j - an amulet of magic regeneration (around neck)
Scrolls
 h - 2 scrolls of blinking
Potions
 d - a potion of might
 e - a potion of heal wounds {unknown}
 f - a potion of curing
 g - a potion of haste {unknown}
 k - a potion of flight {unknown}
 l - a potion of lignification {unknown}


   Skills:
 + Level 4.2 Fighting
 + Level 3.2 Axes
 + Level 4.2 Armour
 + Level 1.6 Dodging
 + Level 4.2 Shields


You had 3 spell levels left.
You didn't know any spells.
Your spell library contained the following spells:

 Spells                   Type           Power      Damage    Failure   Level
 Sting                    Tmut/Pois      0%         1d3       87%         1
 Poisonous Vapours        Pois/Air       0%         N/A       95%         2
 Olgreb's Toxic Radiance  Pois           0%         N/A       100%        4


Dungeon Overview and Level Annotations

Branches:
Dungeon (3/15)

Altars:
Dithmenos
Gozag
Makhleb

Annotations:
D:3 Grinder


Innate Abilities, Weirdness & Mutations

You have a pair of horns on your head.
You reflexively headbutt those who attack you in melee.


Message History

Grinder barely misses you.
You closely miss Grinder.
Grinder is moderately wounded.
Grinder closely misses you.
You closely miss Grinder.
Grinder is moderately wounded.
Grinder hits you but does no damage. Grinder gestures at you.
You suddenly lose the ability to move!
Grinder hits you! Grinder gestures at you. Pain shoots through your body!
Grinder gestures at you. Pain shoots through your body!
You can move again.
You slash Grinder!
Grinder is heavily wounded.
Grinder hits you.
You are too injured to fight recklessly!
You are too injured to fight recklessly!
You are too injured to fight recklessly!
You are too injured to fight recklessly!
You are too injured to fight recklessly!
You are too injured to fight recklessly!
You hit Grinder but do no damage. You headbutt Grinder!
Grinder is severely wounded.
Grinder barely misses you.
You closely miss Grinder. Your headbutt misses Grinder.
Grinder is severely wounded.
Grinder gestures at you.
You suddenly lose the ability to move!
Grinder hits you.
You writhe in agony.
* * * LOW HITPOINT WARNING * * *
Grinder hits you.
* * * LOW HITPOINT WARNING * * *
You writhe in agony.
* * * LOW HITPOINT WARNING * * *
Grinder hits you.
* * * LOW HITPOINT WARNING * * *
You writhe in agony.
You die...

#.# #.# ..# #.. ..
.. .. ♣#.# #.#♣ 5
# ...#... .#.#
#...# ....
♣#.#♣#..# #
#..@#...#
#.#.#.5..#
#...).#.##
#####...# #.###
#.# #### ..#####.#
#...
........##########
#.##
..######....[....#
##.##


You could see Grinder.

Vanquished Creatures
  4 adders
  3 worms
  8 ball pythons
  3 bats
  4 endoplasms
  A goblin (D:1)
  2 hobgoblins (D:2)
  4 kobolds
  4 quokkas
  3 frilled lizards (D:1)
  4 rats (D:2)
40 creatures vanquished.

Vanquished Creatures (others)
  2 plants (D:1)
2 creatures vanquished.

Grand Total: 42 creatures vanquished

Notes
Turn   | Place    | Note
-------+----------+-------------------------------------------
     0 | D:1      | Feneti the Minotaur Fighter began the quest for the Orb.
     0 | D:1      | Reached XP level 1. HP: 19/19 MP: 0/0
   126 | D:1      | Reached XP level 2. HP: 27/27 MP: 1/1
   692 | D:2      | Reached skill level 1 in Dodging
   834 | D:2      | Reached XP level 3. HP: 33/33 MP: 2/2
  1277 | D:2      | Found an opulent altar of Gozag.
  1278 | D:2      | Identified the +7 short sword "Nivyh" {flame, Str+7}
  1593 | D:2      | Reached XP level 4. HP: 39/40 MP: 3/3
  1618 | D:2      | Found a faded altar of an unknown god.
  1632 | D:2      | Found a faded altar of an unknown god.
  1774 | D:3      | Found a burning altar of Makhleb.
  1779 | D:3      | Found a shadowy altar of Dithmenos.
  1782 | D:3      | Identified the +4 whip of Freehold {flame, rElec rN+ Will+}
  1908 | D:3      | Noticed Grinder
  1917 | D:3      | Paralysed by Grinder for 4 turns
  1923 | D:3      | Paralysed by Grinder for 5 turns
  1925 | D:3      | HP: 2/40 [Grinder (1)]
  1925 | D:3      | Slain by Grinder

Illustrated notes

Levels and vault maps discovered:
D:1:      nicolae_arrival_memento_mori, layout_rooms, serial_forest,
          infiniplex_forest_3_way, infiniplex_forest_zigzag_1,
          infiniplex_forest_straight_2, infiniplex_forest_lined_room_3,
          infiniplex_forest_straight_2, infiniplex_forest_zigzag_1,
          infiniplex_forest_fountain, infiniplex_forest_clump_diagonal,
          infiniplex_forest_lined_2, infiniplex_forest_clump_double
D:2:      layout_basic, hellmonk_ecumenical_altar_the_god_not_taken, basic_altar
D:3:      layout_loops_cross, bloody_makhleb, grunt_dithmenos_smoke,
          kennysheep_doodads, uniq_grinder

Skill      XL: |  1  2  3 |
---------------+----------+-----
Dodging        | 1 |  1.6
Fighting       | 4 |  4.2
Armour         | 4 |  4.2
Axes           | 3 |  3.2
Shields        | 4 |  4.2

Action                   |  1- 3 |  4- 6 || total
-------------------------+-------+-------++-------
Melee: War axe           |    75 |    19 ||    94
       Headbutt          |     8 |     4 ||    12
  Use: Scroll            |     4 |       ||     4
Armor: Scale mail        |    26 |     7 ||    33
Dodge: Dodged            |    41 |     5 ||    46
Block: Buckler           |    15 |     3 ||    18

Table legend: (Time is in decaauts)
 A = Elapsed time spent in this place.
 B = Non-inter-level travel time spent in this place.
 C = Inter-level travel time spent in this place.
 D = Time resting spent in this place.
 E = Time spent auto-exploring this place.
 F = Levels seen in this place.
 G = Mean time per level.
                   A        B        C        D        E       F      G
               +--------+--------+--------+--------+--------+-----+--------+
         Total |   1962 |   1901 |     61 |      0 |   1597 |   3 |  654.0 |
       Dungeon |   1962 |   1901 |     61 |      0 |   1597 |   3 |  654.0 |
               +--------+--------+--------+--------+--------+-----+--------+

Top non-repeatable levels by time:
     D:2: 1105 daAuts
     D:1: 690 daAuts
     D:3: 167 daAuts
